 Dungeon Crawl Stone Soup version 0.28-a0-1080-g05a166d0ed (webtiles) character file.

Game seed: 17516578046386253671

147 ragingrage the Cudgeller (level 5, -1/32 HPs)
             Began as a Gargoyle Monk on Dec 9, 2021.
             Slain by an orc warrior (8 damage)
             ... on level 3 of the Dungeon.
             The game lasted 00:04:31 (3613 turns).

ragingrage the Cudgeller (Gargoyle Monk)            Turns: 3613, Time: 00:04:31

Health: -1/32      AC:  8    Str: 17    XL:     5   Next: 29%
Magic:  5/5        EV: 12    Int: 10    God:
Gold:   154        SH:  0    Dex: 12    Spells: 4/4 levels left

rFire   . . .      SeeInvis .   a - +0 mace
rCold   . . .      Faith    .   (no shield)
rNeg    + . .      Spirit   .   g - +0 robe
rPois   ∞          Reflect  .   h - +0 helmet
rElec   +          Harm     .   (no cloak)
rCorr   .          Rampage  .   j - +0 pair of gloves
Will    .....                   (no boots)
Stlth   ++........              (no amulet)
HPRegen 0.10/turn               (no ring)
MPRegen 0.09/turn               (no ring)

@: no status effects
A: sickness immunity, AC +4, negative energy resistance 1, electricity
resistance, torment resistance 1, petrification resistance
a: no special abilities


You were on level 3 of the Dungeon.
You visited 1 branch of the dungeon, and saw 5 of its levels.

You collected 154 gold pieces.

Inventory:

Hand Weapons
 a - a +0 mace (weapon)
 b - a +0 hand axe of freezing
Armour
 g - a +0 robe (worn)
 h - a +0 helmet (worn)
 j - a +0 pair of gloves (worn)
Jewellery
 s - an amulet of regeneration
Wands
 p - a wand of polymorph (3)
 u - a wand of paralysis (4)
Scrolls
 c - a scroll of acquirement {unknown}
 e - a scroll of fog {unknown}
 i - a scroll of brand weapon {unknown}
 k - a scroll of enchant armour {unknown}
 o - a scroll of fear {unknown}
 q - a scroll of vulnerability {unknown}
 t - a scroll of magic mapping {unknown}
Potions
 d - 2 potions of attraction {unknown}
 f - a potion of magic {unknown}
 l - a potion of mutation {unknown}
 m - a potion of might {unknown}
 n - a potion of lignification {unknown}
 r - a potion of haste {unknown}


   Skills:
 - Level 3.2 Fighting
 * Level 5.8 Maces & Flails
 - Level 2.4 Dodging
 - Level 2.1 Stealth


You had 4 spell levels left.
You didn't know any spells.
Your spell library was empty.

Dungeon Overview and Level Annotations

Branches:
Dungeon (5/15)
 Temple: D:4-7

Altars:
Dithmenos
Fedhas
Nemelex Xobeh
Ru
Sif Muna
Trog

Shops:
D:3 =

Annotations:
D:2 1 runed translucent door, Crazy Yiuf
D:3 2 runed translucent doors, spaghetti's ghost, amateur BaBe


Innate Abilities, Weirdness & Mutations

You are immune to sickness and miasma.
Your stone body is resilient. (AC +4)
You are immune to poison.
You resist negative energy. (rN+)
You are resistant to electric shocks. (rElec)
You are resistant to unholy torment.
You are immune to petrification.


Message History

You hit the orc warrior but do no damage.
The orc warrior is lightly wounded.
The helpless orc warrior fails to defend itself.
You hit the orc warrior but do no damage.
The orc warrior is lightly wounded.
The helpless orc warrior fails to defend itself.
You sock the orc warrior!
The orc warrior is moderately wounded.
The helpless orc warrior fails to defend itself.
You hit the orc warrior but do no damage.
The orc warrior is moderately wounded.
The helpless orc warrior fails to defend itself.
You hit the orc warrior but do no damage.
The orc warrior is moderately wounded.
The helpless orc warrior fails to defend itself.
You thump the orc warrior!
The orc warrior is heavily wounded.
The orc warrior is no longer paralysed.
The orc warrior hits you with a +0 mace.
You hit the orc warrior but do no damage.
The orc warrior is heavily wounded.
The orc warrior hits you but does no damage.
You hit the orc warrior.
The orc warrior is severely wounded.
The orc warrior hits you with a +0 mace!
You hit the orc warrior but do no damage.
The orc warrior is severely wounded.
The orc warrior hits you with a +0 mace!
* * * LOW HITPOINT WARNING * * *
You hit the orc warrior but do no damage.
The orc warrior is severely wounded.
The orc warrior completely misses you.
You closely miss the orc warrior.
The orc warrior is severely wounded.
The orc warrior hits you with a +0 mace.
* * * LOW HITPOINT WARNING * * *
You hit the orc warrior but do no damage.
The orc warrior is severely wounded.
The orc warrior hits you with a +0 mace!
You die...

######################
#....................#
.#.#<.)......#######.#
###..#...###.## #.# #
##..........######.# ######
###.#<...#...........# #.....
.#.##......#..#.###.########.####
#..####.####....@o...........#
#......(......#.###..###.###.#
#..####.#####.#.# #..# #.# #.#
#...# #.# #.#.# #..# #.# #.#
....# #.#####.#.# #o.# #[# #.#
#.#.# #.......#.# #..###.###.##
#.#.# #######.#.# #.....o.....#
#.#.# #.#.# ##.##.####..# #.#.#
#.#.# #∩##.# #..#


You could see an orc warrior.

Vanquished Creatures
  A bullfrog skeleton (D:4)
  An orc wizard (D:5)
  3 adders
  A white imp (D:5)
  A dart slug (D:2)
  2 orcs (D:4)
  11 bats
  5 endoplasms
  3 giant cockroaches
  7 goblins
  8 hobgoblins
  2 kobolds
  5 ball pythons
  A frilled lizard (D:1)
  3 rats
54 creatures vanquished.

Vanquished Creatures (others)
  12 fungi (D:4)
12 creatures vanquished.

Grand Total: 66 creatures vanquished

Notes
Turn   | Place    | Note
-------+----------+-------------------------------------------
     0 | D:1      | ragingrage the Gargoyle Monk began the quest for the Orb.
     0 | D:1      | Reached XP level 1. HP: 14/14 MP: 1/1
   316 | D:1      | Reached XP level 2. HP: 19/19 MP: 2/2
   954 | D:2      | Reached skill level 4 in Maces & Flails
   954 | D:2      | Reached XP level 3. HP: 20/23 MP: 3/3
  1120 | D:2      | Found a faded altar of an unknown god.
  1877 | D:2      | Found a runed translucent door.
  1878 | D:2      | Noticed Crazy Yiuf
  1984 | D:3      | Found Poguack's Jewellery Emporium.
  2018 | D:3      | Reached XP level 4. HP: 20/28 MP: 4/4
  2361 | D:3      | Found a shimmering blue altar of Sif Muna.
  2361 | D:3      | Found a bloodstained altar of Trog.
  2361 | D:3      | Found a shadowy altar of Dithmenos.
  2361 | D:3      | Found a sparkling altar of Nemelex Xobeh.
  2370 | D:3      | Reached skill level 5 in Maces & Flails
  2427 | D:3      | Found a large runed translucent door.
  2427 | D:3      | Found a large runed translucent door.
  2431 | D:3      | Noticed spaghetti's ghost (amateur BaBe)
  2587 | D:3      | Found a sacrificial altar of Ru.
  2945 | D:4      | Noticed an orc warrior
  3186 | D:5      | Entered Level 5 of the Dungeon
  3193 | D:5      | Reached XP level 5. HP: 18/32 MP: 5/5
  3359 | D:5      | Found a blossoming altar of Fedhas.
  3613 | D:3      | Slain by an orc warrior

Illustrated notes

Levels and vault maps discovered:
D:1:      nzn_arrival_settlement, layout_loops_ring
D:2:      layout_loops_corners, ebering_ecumenical_altar_abandoned,
          hangedman_abyss_or_decor_lesser_grid, kennysheep_donut,
          minmay_misc_feat_columns, uniq_crazy_yiuf_cottage
D:3:      layout_loops_ring, general_overflow_altar,
          chequers_temple_overflow_statue_of_worship, serial_shops, shop,
          ebering_ghost_disaster_area
D:4:      layout_loops_ring, nicolae_overflow_crystal_walls, serial_aquarium,
          aquarium_bridge_long_separate [aquarium_subvault_wall,
          aquarium_subvault_bridge, aquarium_subvault_balcony,
          aquarium_subvault_wall, aquarium_subvault_bridge,
          aquarium_subvault_wall], aquarium_window_corner, aquarium_window_fake,
          aquarium_window_fake, aquarium_view_2a, aquarium_balcony_3a,
          aquarium_pool_1
D:5:      layout_basic, mainiacjoe_overflow_concentric_impassable,
          minmay_temple_entry_fiery, grunt_decor_junction

Skill      XL: |  1  2  3  4 |
---------------+-------------+-----
Maces & Flails | 4 5 |  5.8
Fighting       | |  3.2
Dodging        | |  2.4
Stealth        | |  2.1

Action                   |  1- 3 |  4- 6 || total
-------------------------+-------+-------++-------
Melee: Mace              |    39 |    18 ||    57
       Hand axe          |    62 |    84 ||   146
Evoke: Wand              |       |     2 ||     2
 Stab: Sleeping          |    11 |     1 ||    12
       Paralysed         |       |     8 ||     8
Armor: Robe              |    43 |    41 ||    84
Dodge: Dodged            |    79 |    69 ||   148

Table legend: (Time is in decaauts)
 A = Elapsed time spent in this place.
 B = Non-inter-level travel time spent in this place.
 C = Inter-level travel time spent in this place.
 D = Time resting spent in this place.
 E = Time spent auto-exploring this place.
 F = Levels seen in this place.
 G = Mean time per level.
                   A        B        C        D        E       F      G
               +--------+--------+--------+--------+--------+-----+--------+
         Total |   3647 |   3498 |    149 |    379 |   2494 |   5 |  729.4 |
       Dungeon |   3647 |   3498 |    149 |    379 |   2494 |   5 |  729.4 |
               +--------+--------+--------+--------+--------+-----+--------+

Top non-repeatable levels by time:
     D:3: 1033 daAuts
     D:2: 958 daAuts
     D:1: 947 daAuts
     D:4: 525 daAuts
     D:5: 182 daAuts
